 Dungeon Crawl Stone Soup version 0.26.1-11-gd32895ea62 (webtiles) character file.

Game seed: 15431616870859188919

309 Jerry the Shooter (level 6, -3/47 HPs)
             Began as a Human Hunter on June 14, 2021.
             Slain by an ice beast (5 damage)
             ... on level 5 of the Dungeon.
             The game lasted 00:10:58 (5635 turns).

Jerry the Shooter (Human Hunter)                    Turns: 5635, Time: 00:10:58

Health: -3/47      AC:  5    Str: 14    XL:     6   Next: 69%
Magic:  6/6        EV: 12    Int: 12    God:
Gold:   159        SH:  0    Dex: 13    Spells: 5/5 levels left

rFire    . . .     SeeInvis .   A - +0 falchion
rCold    . . .     Faith    .   (no shield)
rNeg     . . .     Spirit   .   c - +0 leather armour
rPois    +         Reflect  .   B - +0 helmet
rElec    .         Harm     .   (no cloak)
rCorr    .         Rampage  .   e - +0 pair of gloves
Will     .....                  (no boots)
Stlth    +++.......             (no amulet)
HPRegen  0.15/turn              g - ring of poison resistance
MPRegen  0.10/turn              w - ring of stealth

@: no status effects
A: no striking features
a: no special abilities


You were on level 5 of the Dungeon.
You visited 1 branch of the dungeon, and saw 5 of its levels.

You collected 159 gold pieces.

Inventory:

Hand Weapons
 a - a +1 shortbow
 A - a +0 falchion (weapon)
Missiles
 j - 60 arrows
Armour
 c - a +0 leather armour (worn)
 e - a +0 pair of gloves (worn)
 B - a +0 helmet (worn)
Jewellery
 b - an uncursed ring of flight
 g - a ring of poison resistance (left hand)
 w - a ring of stealth (right hand)
 y - an uncursed ring of fire
Wands
 v - a wand of flame (14)
 C - a wand of polymorph (3)
Scrolls
 f - a scroll of immolation {unknown}
 h - 2 scrolls of blinking {unknown}
 i - 3 scrolls of remove curse {unknown}
 k - 2 scrolls of teleportation {unknown}
 o - 2 scrolls of enchant armour {unknown}
 r - a scroll of fear {unknown}
 t - 4 scrolls of amnesia {unknown}
 u - 4 scrolls of identify {unknown}
 D - a scroll of enchant weapon {unknown}
Potions
 d - a potion of attraction {unknown}
 l - a potion of heal wounds
 m - a potion of berserk rage {unknown}
 n - 2 potions of lignification {unknown}
 p - 5 potions of curing {unknown}
 q - 2 potions of resistance {unknown}
 s - a potion of flight {unknown}
 x - a potion of cancellation {unknown}
 z - a potion of brilliance {unknown}


   Skills:
 + Level 3.5 Fighting
 * Level 2.4 Long Blades
 - Level 4.6 Bows
 + Level 2.9 Armour
 - Level 2.0 Dodging
 - Level 2.6 Stealth


You had 5 spell levels left.
You didn't know any spells.
Your spell library was empty.

Dungeon Overview and Level Annotations

Branches:
Dungeon (5/15)
 Temple: D:4-7

Altars:
Fedhas
Kikubaaqudgha
Ru
Yredelemnul

Annotations:
D:3 1 runed translucent door, execc's ghost, amateur OpWn


Message History

You hit the ice beast.
The ice beast is severely wounded.
The ice beast hits you. The ice beast freezes you!
You hit the ice beast.
The ice beast is almost dead.
The ice beast hits you. The ice beast freezes you.
* * * LOW HITPOINT WARNING * * *
You hit the ice beast but do no damage.
The ice beast is severely wounded.
The ice beast hits you.
* * * LOW HITPOINT WARNING * * *
The ice beast freezes you.
* * * LOW HITPOINT WARNING * * *
The ice beast barely misses you.
You hit the ice beast.
The ice beast is almost dead.
The ice beast hits you.
* * * LOW HITPOINT WARNING * * *
The ice beast freezes you.
You die...

#.#### ## #....#
...###..#.#
......#.#
#..#..##.# #.
#.....# # #
#...####
#####.####......#
...(.((.(Y@#....#
...##.###########
#


You could see an ice beast.

Vanquished Creatures
  2 orc priests (D:4)
  A centaur skeleton (D:4)
  An orc wizard (D:4)
  2 iguanas
  A hound skeleton (D:4)
  Robin (D:4)
  2 adders
  An ooze (D:1)
  A worm (D:2)
  2 adder skeletons (D:4)
  A dart slug (D:1)
  A leopard gecko (D:1)
  3 orcs
  7 giant cockroaches
  21 goblins
  10 hobgoblins
  3 jackals (D:1)
  2 quokkas (D:3)
  6 bats
  4 frilled lizards
  6 kobolds
  A leopard gecko skeleton (D:4)
  6 rats
85 creatures vanquished.

Notes
Turn   | Place    | Note
-------+----------+-------------------------------------------
     0 | D:1      | Jerry the Human Hunter began the quest for the Orb.
     0 | D:1      | Reached XP level 1. HP: 16/16 MP: 1/1
   131 | D:1      | Reached XP level 2. HP: 22/22 MP: 2/2
   277 | D:1      | Reached skill level 1 in Armour
   292 | D:1      | Reached XP level 3. HP: 28/28 MP: 3/3
  1634 | D:2      | Reached XP level 4. HP: 21/34 MP: 4/4
  2697 | D:3      | Noticed execc's ghost (amateur OpWn)
  2698 | D:3      | Found a runed translucent door.
  2823 | D:3      | Found a basalt altar of Yredelemnul.
  4067 | D:3      | Reached XP level 5. HP: 20/40 MP: 5/5
  4240 | D:4      | Noticed Robin
  4304 | D:4      | Killed Robin
  4476 | D:4      | Found an ancient bone altar of Kikubaaqudgha.
  4495 | D:4      | Found a blossoming altar of Fedhas.
  4537 | D:4      | Reached skill level 1 in Long Blades
  4826 | D:4      | Reached XP level 6. HP: 30/47 MP: 6/6
  5276 | D:4      | Found a sacrificial altar of Ru.
  5554 | D:5      | Entered Level 5 of the Dungeon
  5616 | D:5      | Noticed an ice beast
  5635 | D:5      | HP: 2/47 [ice beast (3)]
  5635 | D:5      | Slain by an ice beast

Illustrated notes

Levels and vault maps discovered:
D:1:      lightli_arrival_quake, layout_rooms
D:2:      layout_basic, hangedman_abyss_or_decor_lesser_grid
D:3:      layout_basic, overflow_temple_1_default,
          hellmonk_ghost_happy_afterlife
D:4:      layout_cave_pools, grunt_temple_overflow_growth_and_decay,
          hangedman_ru_absence, uniq_robin
D:5:      layout_basic, old_standard_altar,
          minmay_temple_entry_statues_fountains, serial_shops,
          nicolae_shop_waterfront

Skill      XL: |  1  2  3  4  5  6 |
---------------+-------------------+-----
Armour         | 1 2 |  2.9
Stealth        | 2 |  2.6
Fighting       | 3 |  3.5
Long Blades    | 1 2 |  2.4
Bows           | |  4.6
Dodging        | |  2.0

Action                   |  1- 3 |  4- 6 || total
-------------------------+-------+-------++-------
Melee: Short sword       |    88 |   134 ||   222
       Falchion          |       |    59 ||    59
 Fire: Shortbow          |    46 |    46 ||    92
Evoke: Wand              |       |     4 ||     4
  Use: Potion            |       |     2 ||     2
 Stab: Sleeping          |     1 |     6 ||     7
Armor: Leather armour    |    38 |    53 ||    91
Dodge: Dodged            |    90 |   128 ||   218
       Rpst.: Falchion   |       |    11 ||    11
